 Dungeon Crawl Stone Soup version 0.29.0-5-ge4962eb29e (webtiles) character file.

Game seed: 18435369553082065343

302 SnakkuSnakku7 the Nimble (level 6, 0/44 HPs)
             Began as a Merfolk Air Elementalist on Aug 30, 2022.
             Was a Follower of Jiyva.
             Slain by a black bear (2 damage)
             ... on level 4 of the Dungeon.
             The game lasted 00:05:53 (4739 turns).

SnakkuSnakku7 the Nimble (Merfolk Air Elementalist) Turns: 4739, Time: 00:05:53

Health: 0/44       AC:  2    Str: 10    XL:     6   Next: 37%
Magic:  9/9        EV: 16    Int: 14    God:    Jiyva [*.....]
Gold:   186        SH:  0    Dex: 15    Spells: 8/9 levels left

rFire   . . .      SeeInvis .   a - +4 dagger
rCold   . . .      Faith    .   (no shield)
rNeg    . . .      Spirit   .   t - +0 robe
rPois   .          Reflect  .   (no helmet)
rElec   .          Harm     .   (no cloak)
rCorr   .          Rampage  .   (no gloves)
Will    .....                   (no boots)
Stlth   ++........              d - amulet of the acrobat
HPRegen 0.94/turn               s - ring of wizardry
MPRegen 0.36/turn               (no ring)

@: no status effects
A: (nimble swimmer 2), mertail
a: Renounce Religion


You were on level 4 of the Dungeon.
You worshipped Jiyva.
Jiyva was aware of your devotion.
You visited 1 branch of the dungeon, and saw 4 of its levels.

You collected 186 gold pieces.

Inventory:

Hand Weapons
 a - a +4 dagger (weapon)
 c - a +0 dagger
 f - a +0 short sword
Missiles
 l - 4 javelins
Armour
 n - a +0 ring mail
 t - a +0 robe (worn)
Jewellery
 d - an amulet of the acrobat (around neck)
 s - a ring of wizardry (left hand)
 v - a +4 ring of slaying
Scrolls
 h - a scroll of blinking {unknown}
 o - 3 scrolls of teleportation {unknown}
 p - a scroll of vulnerability {unknown}
 q - a scroll of amnesia {unknown}
 r - a scroll of enchant armour {unknown}
Potions
 b - a potion of magic
 e - a potion of mutation {unknown}
 g - a potion of heal wounds
 i - 2 potions of curing {unknown}
 j - a potion of lignification {unknown}
 k - a potion of might
 m - a potion of cancellation
 u - a potion of berserk rage {unknown}


   Skills:
 + Level 1.7 Fighting
 - Level 8.2 Dodging
 - Level 2.1 Stealth
 - Level 2.0 Spellcasting
 - Level 0.7 Conjurations
 - Level 2.4 Air Magic


You had 8 spell levels left.
You knew the following spells:

 Your Spells              Type           Power      Damage    Failure   Level
a - Shock                 Conj/Air       20%        1d4       5%          1

Your spell library contained the following spells:

 Spells                   Type           Power      Damage    Failure   Level
 Static Discharge         Conj/Air       5%         3-4/arc   8%          2
 Swiftness                Air            8%         N/A       11%         3
 Airstrike                Air            4%         2d(1-17)  32%         4


Dungeon Overview and Level Annotations

Branches:
Dungeon (4/15)
 Temple: D:4-7

Altars:
Jiyva


Innate Abilities, Weirdness & Mutations

((You are very nimble when in or above water. (Stealth+, EV+, Speed+++)))
Your lower body shifts to a powerful aquatic tail in water.


Message History

You hit the black bear.
The black bear is heavily wounded.
The black bear misses you. The black bear claws you. x2
You are too injured to fight recklessly!
You are too injured to fight recklessly!
You are too injured to fight recklessly!
You hit the black bear.
The black bear is severely wounded.
The black bear misses you. x3
You hit the black bear. You punch the black bear.
The black bear is severely wounded.
The black bear bites you. The black bear claws you. x2
You closely miss the black bear.
The black bear is severely wounded.
The black bear barely misses you. The black bear claws you.
* * * LOW HITPOINT WARNING * * *
The black bear barely misses you.
You barely miss the black bear.
The black bear is severely wounded.
The black bear bites you!
* * * LOW HITPOINT WARNING * * *
The black bear barely misses you. x2
You hit the black bear but do no damage.
The black bear is severely wounded.
The black bear completely misses you. The black bear claws you.
* * * LOW HITPOINT WARNING * * *
The black bear completely misses you.
You hit the black bear.
The black bear is severely wounded.
The black bear goes berserk!
You closely miss the black bear.
The black bear is severely wounded.
The black bear barely misses you. The black bear claws you.
* * * LOW HITPOINT WARNING * * *
The black bear closely misses you.
You hit the black bear.
The black bear is almost dead.
The black bear completely misses you. The black bear closely misses you.
The black bear misses you. The black bear bites you.
You die...

#........ .....
......... #....
........## ...#
.. #...<##...#
...##.........#
.............###.
......##.........
.#....##.###.....
#.....รท.@h......
...........#.....
.....#..........#
.......##.##...##
....... #.. .###
(...... .... . .
..... ..... .
...##. ........


You could see a black bear (berserk).

Vanquished Creatures
  Sigmund (D:2)
  A hound (D:4)
  Natasha (twice) (D:2)
  4 adders
  A worm (D:2)
  A dart slug (D:1)
  2 orcs (D:3)
  5 ball pythons
  3 bats
  6 endoplasms
  2 giant cockroaches
  8 goblins
  10 hobgoblins
  3 quokkas
  2 frilled lizards
  8 kobolds
  2 rats
  A spectral kobold (D:2)
62 creatures vanquished.

Vanquished Creatures (others)
  Natasha (D:2)
1 creature vanquished.

Grand Total: 63 creatures vanquished

Notes
Turn   | Place    | Note
-------+----------+-------------------------------------------
     0 | D:1      | SnakkuSnakku7 the Merfolk Air Elementalist began the quest
                  | for the Orb.
     0 | D:1      | Reached XP level 1. HP: 13/13 MP: 3/3
    75 | D:1      | Reached skill level 3 in Dodging
   471 | D:1      | Reached XP level 2. HP: 11/19 MP: 5/5
   691 | D:1      | Reached skill level 4 in Dodging
  1132 | D:1      | Reached XP level 3. HP: 24/24 MP: 6/6
  1514 | D:2      | Noticed Sigmund
  1594 | D:2      | Reached skill level 5 in Dodging
  1860 | D:2      | Reached XP level 4. HP: 16/30 MP: 3/7
  2471 | D:3      | Reached skill level 6 in Dodging
  2980 | D:3      | HP: 1/30 [kobold/+0 club (2)]
  3711 | D:4      | Reached XP level 5. HP: 14/35 MP: 0/8
  3725 | D:4      | Noticed a black bear
  3987 | D:2      | Found a faded altar of an unknown god.
  4266 | D:2      | Killed Sigmund
  4267 | D:2      | Reached skill level 8 in Dodging
  4267 | D:2      | Reached XP level 6. HP: 30/41 MP: 9/9
  4279 | D:2      | Prayed at the altar of an unknown god.
  4279 | D:2      | Became a worshipper of Jiyva Jofuv the Shapeless
  4279 | D:2      | Reached * piety under Jiyva
  4336 | D:2      | Noticed Natasha
  4344 | D:2      | Killed Natasha
  4345 | D:2      | Reached skill level 1 in Fighting
  4582 | D:2      | Noticed Natasha
  4592 | D:2      | Killed Natasha
  4656 | D:2      | Killed Natasha
  4738 | D:4      | HP: 2/44 [black bear (6)]
  4739 | D:4      | Slain by a black bear

Illustrated notes

Levels and vault maps discovered:
D:1:      mainiacjoe_arrival_reflecting_pool, layout_basic, minivault_27
D:2:      layout_loops_ring, dreamdust_ecumenical_altar_drowned_temple,
          minmay_misc_feat_hallway, uniq_sigmund, uniq_natasha
D:3:      layout_basic
D:4:      layout_cave_pools, serial_shops, nicolae_shop_stone

Skill      XL: |  1  2  3  4  5  6 |
---------------+-------------------+-----
Dodging        | 3 4 5 6 8 |  8.2
Fighting       | 1 |  1.7
Stealth        | |  2.1
Spellcasting   | |  2.0
Conjurations   | |  0.7
Air Magic      | |  2.4

Action                   |  1- 3 |  4- 6 || total
-------------------------+-------+-------++-------
Melee: Dagger            |    31 |    71 ||   102
       Unarmed           |     4 |       ||     4
       Punch             |     3 |     1 ||     4
       Short sword       |    75 |    74 ||   149
       Tailslap          |       |     2 ||     2
 Cast: Shock             |    21 |    20 ||    41
  Use: Scroll            |       |     3 ||     3
 Stab: Sleeping          |     2 |     4 ||     6
Armor: Robe              |    14 |    20 ||    34
Dodge: Dodged            |    77 |   140 ||   217
